Map: Year Zero LE

Players

KiMA - Winner!

  • Race: Terran Terran
  • League: Diamond
  • Spawn Location: 11:00

wakaba

  • Race: Zerg Zerg
  • League: Diamond
  • Spawn Location: 1:00

VOD

Have the link to the VOD?

Description

Time

  • Played on: May 6, 2019, 9:36 a.m.
  • Length: 23:42
Show
View Real Time Build Order
Export as new Build Order

KiMA Terran - Winner!

Build Orders: Reaper Expand 

Get SALT Encoding   

  12  0:00  SCV  
  13  0:12  SCV  
  14  0:18  Supply Depot  
  14  0:25  SCV  
  15  0:39  SCV  
  15  0:41  Barracks  
  16  0:45  Refinery  
  16  0:51  SCV  
  17  1:03  SCV  
  18  1:15  SCV  
  19  1:28  Orbital Command  
  19  1:29  Reaper  
  20  1:44  Command Center  
  20  1:54  SCV  
  21  1:59  Supply Depot  
  21  2:00  Marine  
  22  2:07  SCV  
  23  2:16  Factory  
  23  2:19  Refinery  
  23  2:29  Barracks Reactor  
  23  2:32  SCV  
  24  2:44  SCV  
  25  2:57  SCV  
  26  2:59  Orbital Command  
  26  3:04  Starport  
  26  3:09  SCV  
  26  3:12  Hellion x2  
  30  3:15  Barracks Tech Lab  
  30  3:21  SCV, Bunker  
  31  3:29  SCV  
  31  3:34  Hellion  
  34  3:40  SCV  
  35  3:42  SCV  
  36  3:50  Viking  
  36  3:52  SCV  
  36  3:54  SCV  
  36  3:55  Supply Depot  
  40  4:03  Refinery  
  40  4:04  Hellion x2  
  44  4:10  SCV x2  
  46  4:19  Fusion Core  
  46  4:22  SCV  
  46  4:23  SCV  
  48  4:25  Supply Depot  
  48  4:26  Hellion  
  48  4:27  Hellion  
  52  4:35  SCV x2  
  54  4:47  SCV x2  
  54  4:51  Supply Depot  
  56  4:59  SCV x2  
  58  5:08  Weapon Refit  
  58  5:11  SCV x2  
  58  5:13  Battlecruiser  
  66  5:15  Supply Depot  
  66  5:20  Refinery  
  51  5:59  Engineering Bay  
  51  6:01  Barracks Tech Lab  
  51  6:03  Factory, SCV x2  
  53  6:04  Factory  
  53  6:07  Command Center  
  53  6:24  SCV x2  
  55  6:27  Missile Turret  
  55  6:31  Barracks Tech Lab  
  55  6:33  Missile Turret  
  55  6:34  Missile Turret  
  55  6:35  Missile Turret x2  
  55  6:36  Hi-Sec Auto Tracking, SCV  
  55  6:37  Missile Turret, SCV  
  55  6:39  Battlecruiser  
  63  6:45  Hellion x2  
  67  6:54  Armory  
  67  6:55  Armory  
  67  7:00  SCV x2  
  69  7:12  SCV  
  69  7:13  Cyclone x2, SCV  
  77  7:19  Hellion x2  
  77  7:22  Supply Depot  
  81  7:26  Supply Depot  
  81  7:28  Orbital Command  
  81  7:32  SCV x2  
  83  7:42  Hellion x2  
  87  7:45  Terran Vehicle Weapons Level 1  
  87  7:47  Terran Vehicle And Ship Armor Level 1  
  87  7:59  Orbital Command  
  87  8:02  Supply Depot  
  87  8:08  Cyclone x2  
  93  8:15  Missile Turret  
  93  8:17  Missile Turret  
  93  8:19  Missile Turret  
  93  8:21  SCV x2  
  93  8:26  SCV  
  96  8:33  SCV x2  
  98  8:38  SCV, Refinery  
  98  8:39  Refinery  
  99  8:45  SCV  
  99  8:46  SCV  
  101  8:50  Battlecruiser, SCV  
  101  8:54  Supply Depot  
  108  8:55  Supply Depot  
  108  8:57  SCV  
  108  8:58  SCV  
  110  9:04  Cyclone x2, Supply Depot  
  116  9:13  Factory  
  116  9:16  Hellion x2  
  120  9:21  Factory  
  120  9:31  Supply Depot  
  120  9:45  Cyclone x2  
  126  9:46  Hellion x2  
  126  9:47  Terran Vehicle And Ship Armor Level 2, Terran Vehicle Weapons Level 2  
  130  9:58  Factory Tech Lab  
  130  10:06  Infernal Pre-Igniter, Supply Depot  
  130  10:07  Mag-Field Accelerator, Supply Depot  
  130  10:17  Supply Depot  
  130  10:21  Command Center  
  130  10:31  Command Center  
  130  10:33  Command Center, Supply Depot  
  130  10:34  Supply Depot  
  130  10:36  Factory Reactor  
  130  10:38  Cyclone x3  
  130  10:39  Hellion x2  
  143  10:52  Missile Turret  
  143  10:56  Missile Turret  
  143  10:59  Missile Turret, Supply Depot  
  143  11:04  Missile Turret  
  143  11:05  Starport  
  143  11:07  Starport  
  143  11:10  Battlecruiser  
  149  11:26  Supply Depot  
  149  11:34  Siege Tank x3  
  149  11:35  Hellion x3  
  149  11:36  Hellion  
  162  11:55  Refinery  
  152  12:04  Refinery  
  152  12:06  Hellion x3, Cyclone x2  
  152  12:07  Cyclone  
  159  12:21  Starport Tech Lab x2  
  159  12:23  Terran Vehicle Weapons Level 3, Terran Vehicle And Ship Armor Level 3  
  159  12:31  Orbital Command  
  159  12:33  Orbital Command x2  
  159  12:49  Battlecruiser x2  
  171  13:03  Siege Tank x2  
  171  13:04  Hellion  
  179  13:08  Sensor Tower  
  179  13:10  Missile Turret  
  179  13:27  Battlecruiser  
  179  13:33  Command Center  
  185  13:38  Missile Turret  
  183  14:07  Battlecruiser x2  
  189  14:20  Siege Tank  
  189  14:21  Hellion, Siege Tank x2  
  189  14:22  Hellion  
  196  14:33  Orbital Command  
  196  14:54  Orbital Command  
  196  15:09  Missile Turret  
  196  15:25  Refinery  
  196  15:26  Refinery  
  188  15:30  Missile Turret  
  188  15:36  Battlecruiser  
  188  15:37  Battlecruiser  
  188  15:38  Missile Turret  
  188  15:40  Terran Ship Weapons Level 1  
  188  15:41  Missile Turret  
  188  15:42  Missile Turret  
  194  15:52  Missile Turret  
  194  16:00  Missile Turret  
  194  16:17  Missile Turret  
  194  16:18  Siege Tank  
  194  16:19  Siege Tank  
  200  16:39  Missile Turret  
  188  17:00  Missile Turret  
  188  17:16  Battlecruiser  
  188  17:17  Battlecruiser  
  188  17:22  Refinery  
  200  17:40  Refinery  
  200  17:41  Missile Turret  
  200  17:42  Missile Turret  
  172  18:07  Siege Tank x3  
  172  18:08  Hellion x4  
  171  18:18  Missile Turret  
  163  18:20  Missile Turret  
  163  18:21  Missile Turret  
  163  18:23  Command Center  
  163  18:52  Orbital Command  
  163  18:54  Battlecruiser x2  
  163  18:55  Battlecruiser  
  181  19:10  Terran Ship Weapons Level 2  
  181  19:20  Command Center  
  181  19:22  Sensor Tower  
  181  19:26  Orbital Command  
  181  19:36  Command Center  
  181  19:37  Command Center  
  170  19:44  Siege Tank x2  
  170  19:45  Hellion x2, Siege Tank, Orbital Command  
  154  20:13  Hellion x4  
  154  20:15  Battlecruiser x3  
  154  20:16  Siege Tank x2  
  154  20:17  Siege Tank  
  162  20:34  Hellion x2  
  148  20:48  Siege Tank x2  
  154  21:02  Command Center, Orbital Command  
  152  21:11  Siege Tank  
  151  21:19  Battlecruiser x3  
  151  21:20  Siege Tank  
  170  21:39  Orbital Command  
  170  22:00  Missile Turret  
  170  22:20  Orbital Command  
  170  22:22  Missile Turret x2  
  170  22:23  Missile Turret  
  170  22:41  Missile Turret  
  170  22:45  Missile Turret  
  152  23:08  Siege Tank x2  
  152  23:09  Siege Tank  
  152  23:11  Sensor Tower  
Show
View Real Time Build Order
Export as new Build Order

wakaba Zerg 

Build Orders: Pool First 

Get SALT Encoding   

  12  0:01  Drone  
  13  0:13  Overlord  
  13  0:18  Drone  
  14  0:31  Drone x2  
  14  0:35  Drone  
  17  0:45  Spawning Pool  
  17  0:48  Drone  
  17  1:09  Hatchery  
  16  1:12  Drone  
  16  1:15  Drone  
  18  1:30  Extractor  
  18  1:32  Zergling x4  
  19  1:36  Queen  
  19  1:39  Overlord  
  21  1:51  Zergling x2  
  22  2:00  Drone  
  23  2:13  Queen  
  25  2:18  Drone  
  26  2:27  Queen  
  28  2:34  Drone x2  
  30  2:46  Metabolic Boost  
  30  2:49  Hatchery  
  29  2:55  Queen  
  31  3:03  Drone x2  
  31  3:04  Drone  
  34  3:12  Overlord  
  34  3:17  Drone x2  
  36  3:29  Queen  
  36  3:31  Overlord  
  38  3:36  Overlord  
  38  3:39  Drone x2  
  40  3:47  Drone x3  
  43  3:53  Overlord  
  43  4:04  Lair  
  43  4:14  Roach Warren  
  43  4:15  Drone x3  
  43  4:16  Extractor  
  44  4:18  Queen  
  46  4:24  Drone  
  46  4:25  Drone x2  
  49  4:33  Spore Crawler  
  49  4:35  Spore Crawler  
  49  4:36  Spore Crawler  
  46  4:40  Spore Crawler  
  46  4:41  Spore Crawler  
  44  4:55  Queen  
  46  5:03  Spore Crawler  
  46  5:04  Spore Crawler  
  44  5:11  Drone x2  
  44  5:13  Drone, Spire  
  43  5:30  Zergling x2  
  43  5:31  Zergling x12  
  47  5:55  Drone x5  
  47  5:56  Drone  
  52  5:58  Drone  
  53  6:04  Drone x2  
  55  6:15  Extractor  
  55  6:16  Drone x3  
  57  6:27  Overlord  
  57  6:28  Overlord  
  57  6:35  Overseer  
  57  6:39  Overlord x2  
  57  6:45  Queen  
  59  6:53  Drone x4  
  59  6:54  Drone x3, Overlord  
  65  7:00  Extractor, Drone  
  65  7:01  Drone  
  67  7:02  Drone  
  68  7:13  Drone x5  
  68  7:14  Drone  
  74  7:16  Zerg Flyer Weapons Level 1  
  74  7:21  Drone x2  
  74  7:22  Drone  
  77  7:40  Overlord  
  77  7:41  Overlord, Corruptor x3  
  83  7:52  Queen  
  83  7:53  Drone x4  
  83  7:54  Drone  
  83  7:56  Extractor  
  83  7:57  Extractor  
  88  8:00  Drone x3  
  88  8:05  Overlord x2  
  90  8:14  Roach x3  
  96  8:21  Roach x2  
  96  8:25  Roach x4  
  108  8:28  Glial Reconstitution  
  108  8:37  Roach x2  
  108  8:38  Roach  
  114  8:42  Roach  
  114  8:43  Roach  
  118  8:55  Infestation Pit  
  118  8:56  Evolution Chamber  
  118  8:59  Evolution Chamber  
  118  9:02  Corruptor x3  
  115  9:05  Overlord x4  
  121  9:28  Hatchery, Zerg Missile Weapons Level 1, Zerg Ground Armor Level 1  
  120  9:36  Drone x2  
  120  9:37  Drone x3  
  125  9:41  Drone x3  
  125  9:42  Drone x3  
  131  9:47  Overlord x4  
  130  10:15  Hatchery  
  130  10:18  Roach  
  130  10:19  Roach x14  
  159  10:30  Extractor  
  158  10:41  Roach x2  
  158  10:42  Roach x4  
  170  10:53  Drone x2  
  170  10:54  Drone x3  
  175  11:07  Extractor, Hive  
  174  11:13  Spine Crawler  
  174  11:16  Spine Crawler x2  
  174  11:17  Drone  
  174  11:18  Drone x3  
  175  11:19  Spine Crawler  
  175  11:21  Drone x4  
  175  11:23  Roach  
  180  11:28  Zerg Flyer Weapons Level 2  
  180  11:37  Spore Crawler, Spine Crawler  
  178  11:40  Drone x3, Infestor  
  178  11:41  Drone x3  
  178  11:42  Spine Crawler  
  178  11:44  Roach  
  178  11:45  Roach x2  
  188  11:58  Spine Crawler  
  188  11:59  Spore Crawler, Roach  
  188  12:00  Roach x7  
  169  12:13  Roach x7  
  175  12:17  Zerg Ground Armor Level 2, Zerg Missile Weapons Level 2  
  165  12:37  Roach x4  
  165  12:38  Roach x6  
  165  12:43  Spine Crawler  
  184  12:49  Hydralisk Den  
  183  13:05  Viper x2  
  183  13:08  Overlord  
  183  13:09  Overlord x2  
  181  13:53  Muscular Augments  
  181  13:57  Hydralisk  
  181  13:58  Hydralisk x13  
  191  14:21  Hydralisk x13  
  197  15:02  Extractor  
  197  15:03  Hatchery  
  197  15:05  Grooved Spines  
  195  15:07  Extractor, Hydralisk  
  195  15:08  Hydralisk x2  
  195  15:09  Spine Crawler  
  195  15:11  Spine Crawler x2  
  195  15:12  Spore Crawler  
  180  15:31  Roach x12  
  192  15:51  Roach x4  
  199  16:23  Drone  
  200  16:26  Spine Crawler  
  199  16:40  Zerg Missile Weapons Level 3, Zerg Ground Armor Level 3  
  183  17:03  Corruptor  
  183  17:04  Corruptor x7  
  199  17:27  Greater Spire  
  199  17:41  Drone  
  170  18:12  Hydralisk  
  146  18:13  Hydralisk x25  
  196  18:26  Corruptor x5  
  177  18:47  Spore Crawler  
  176  18:49  Spine Crawler, Corruptor x2  
  176  18:50  Spore Crawler, Corruptor x4  
  176  18:51  Spore Crawler, Spine Crawler x2  
  176  18:53  Drone x3  
  176  18:54  Drone  
  187  18:59  Corruptor x2  
  187  19:00  Corruptor x2  
  195  19:15  Zerg Flyer Weapons Level 3  
  195  19:17  Zerg Melee Weapons Level 1  
  179  20:04  Corruptor  
  179  20:05  Corruptor x4  
  157  20:22  Corruptor  
  149  20:35  Corruptor x2  
  103  20:54  Lair  
  101  21:00  Zergling x10  
  106  21:35  Hydralisk  
  106  21:36  Hydralisk x5  
  118  21:50  Spore Crawler x2  
  118  21:52  Spine Crawler  
  118  21:53  Drone x2  
  117  22:07  Hydralisk x2  
  121  22:16  Extractor  
  120  22:24  Drone x4  
  120  22:25  Drone  
  120  22:29  Extractor, Drone  
  108  23:05  Extractor  
  103  23:10  Hydralisk  
  103  23:11  Hydralisk x6  
Tags
 
Add a new tag
Caveats
  • Supply blocks, unpowered buildings, or Contaminate may cause inaccurate times.
  • Supply counts are checked every 10 seconds.